[Event "Team 45 45 League T53"]
[Site "Internet Chess Club"]
[Date "2012.06.17"]
[Round "5"]
[White "nosir"]
[Black "BotanicalKnight"]
[Result "1/2-1/2"]
[WhiteElo "1499"]
[BlackElo "1492"]
[Opening "Caro-Kann defense"]
[ECO "B10"]
[Time "19:32:54"]
[TimeControl "2700+45"]

1. e4 c6 2. Nf3 d5 3. exd5 cxd5 4. d4 Nc6 5. c3 Bg4 6. Be2 Nf6 7. h3 Bh5 8. Bf4
e6 9. Nbd2 Be7 10. O-O O-O 11. Nh2 Bg6 12. Ng4 a6 13. Nf3 b5 14. Nxf6+ Bxf6 15.
b3 Qb6 16. Be3 Qb7 17. Bd3 Rac8 18. Bxg6 hxg6 19. b4 a5 20. a3 a4 21. Bf4 Ne7
22. Qd3 Rc4 23. Ne5 Bxe5 24. Bxe5 Rfc8 25. Rac1 Qc6 26. g3 Nf5 27. g4 Nd6 {Game
drawn by mutual agreement} 1/2-1/2

[Event "Team 45 45 League T53"]
[Site "Internet Chess Club"]
[Date "2012.06.18"]
[Round "5"]
[White "PostMike"]
[Black "SirIvanhoe"]
[Result "0-1"]
[WhiteElo "1479"]
[BlackElo "1534"]
[Opening "Caro-Kann: advance variation"]
[ECO "B12"]
[Time "14:00:21"]
[TimeControl "2700+45"]

1. e4 c6 2. d4 d5 3. e5 Bf5 4. Nf3 Bg4 5. Nbd2 e6 6. Be2 c5 7. h3 Bxf3 8. Nxf3
Nc6 9. c3 cxd4 10. cxd4 Bb4+ 11. Bd2 Qb6 12. Bxb4 Qxb4+ 13. Qd2 Qxd2+ 14. Kxd2
Nge7 15. Bd3 Nb4 16. Bb5+ Nbc6 17. Rhc1 O-O 18. a3 a6 19. Bd3 Rac8 20. b4 Na7
21. a4 Rxc1 22. Rxc1 Rc8 23. b5 axb5 24. Rxc8+ Nexc8 25. Bxb5 Nxb5 26. axb5 Na7
27. Kc3 Nxb5+ 28. Kb4 Na7 29. Kc5 Nc8 30. Nd2 Kf8 31. Nb3 Ke8 32. Kb5 Kd8 33.
Nc5 Kc7 34. f4 Na7+ 35. Kb4 b6 36. Nb3 Kc6 37. g4 Nb5 38. h4 Nc7 39. g5 g6 40.
Nd2 Na6+ 41. Kb3 Kb5 42. Nf1 Nb4 43. Kc3 Ka4 44. Ne3 Ka3 45. Ng4 Na2+ 46. Kc2 b5
47. Nh6 b4 48. Nxf7 b3+ 49. Kb1 Nc3+ 50. Kc1 b2+ 51. Kc2 {White resigns} 0-1

[Event "Team 45 45 League T53"]
[Site "Internet Chess Club"]
[Date "2012.06.17"]
[Round "5"]
[White "drsigmund1"]
[Black "PT105"]
[Result "1-0"]
[WhiteElo "1518"]
[BlackElo "1227"]
[Opening "Ruy Lopez: exchange variation, 5.O-O"]
[ECO "C68"]
[Time "21:30:02"]
[TimeControl "2700+45"]

1. e4 e5 2. Nf3 Nc6 3. Bb5 a6 4. Bxc6 dxc6 5. O-O Bg4 6. h3 Bh5 7. g4 Bg6 8.
Nxe5 Bxe4 9. Re1 Bd5 10. Nxc6+ Qe7 11. Nxe7 {Black resigns} 1-0

[Event "Team 45 45 League T53"]
[Site "Internet Chess Club"]
[Date "2012.06.16"]
[Round "5"]
[White "mongmong"]
[Black "Berke"]
[Result "1-0"]
[WhiteElo "1707"]
[BlackElo "1617"]
[Opening "Dutch"]
[ECO "A80"]
[Time "15:04:26"]
[TimeControl "2700+45"]

1. d4 f5 2. Nf3 e6 3. Bf4 Nf6 4. e3 Be7 5. h3 d6 6. Nbd2 b6 7. Bd3 Bb7 8. c3
Nbd7 9. Qc2 c5 10. e4 fxe4 11. Nxe4 d5 12. Nxf6+ Bxf6 13. Qe2 Qe7 14. Ne5 O-O-O
15. Nxd7 Rxd7 16. Ba6 c4 17. Bxb7+ Kxb7 18. Be5 Rf8 19. f3 Bh4+ 20. g3 Bf6 21.
f4 g5 22. O-O-O gxf4 23. Bxf4 Re8 24. Kb1 h6 25. Be5 Qh7+ 26. Ka1 Bxe5 27. Qxe5
Qf5 28. Rde1 Qxe5 29. Rxe5 Kc6 30. g4 Kd6 31. Rhe1 Rf7 32. Kb1 Rf3 33. R5e3 Rf6
34. Kc2 Rg6 35. Re5 Rf6 36. R1e2 Rf3 37. Rh5 Rf6 38. b3 b5 39. bxc4 bxc4 40. h4
Rg8 41. g5 hxg5 42. hxg5 Rfg6 43. Re5 a5 44. Kb2 Rb8+ 45. Ka3 Rbg8 46. Ka4 Kc6
47. a3 Ra8 48. Rh6 Rag8 49. Rxe6+ Rxe6 50. Rxe6+ Kd7 51. Re5 Rg6 52. Kxa5 {Black
resigns} 1-0

[Event "Team 45 45 League T53"]
[Site "Internet Chess Club"]
[Date "2012.06.17"]
[Round "5"]
[White "Elalfer"]
[Black "Conjurer"]
[Result "1-0"]
[WhiteElo "1392"]
[BlackElo "1466"]
[Opening "Nimzo-Indian: three knights variation"]
[ECO "E21"]
[Time "12:01:06"]
[TimeControl "2700+45"]

1. d4 Nf6 2. c4 e6 3. Nc3 Bb4 4. Nf3 Bxc3+ 5. bxc3 O-O 6. Bg5 d6 7. e3 Nbd7 8.
Bd3 h6 9. Bh4 g5 10. Bg3 Qe7 11. O-O Nb6 12. Re1 Nh5 13. Bc2 Nxg3 14. hxg3 f5
15. Qd3 Qf6 16. g4 Bd7 17. gxf5 exf5 18. c5 Nd5 19. e4 Nf4 20. Qc4+ Kg7 21. cxd6
cxd6 22. exf5 Bxf5 23. Bxf5 Qxf5 24. Qc7+ Rf7 25. Qxd6 Raf8 26. Qe5+ Qf6 27.
Qxf6+ Kxf6 28. Ne5 Rc7 29. g3 Nd5 30. c4 Nc3 31. a4 h5 32. Re3 Nxa4 33. Rf3+ Ke7
34. Ng6+ {Black resigns} 1-0

[Event "Team 45 45 League T53"]
[Site "Internet Chess Club"]
[Date "2012.06.14"]
[Round "5"]
[White "sockmonkey"]
[Black "otib2006"]
[Result "0-1"]
[WhiteElo "1398"]
[BlackElo "1346"]
[Opening "Queen's pawn: Torre attack"]
[ECO "A46"]
[Time "14:00:22"]
[TimeControl "2700+45"]

1. d4 Nf6 2. Nf3 e6 3. Bg5 Be7 4. Nbd2 Nd5 5. Bxe7 Qxe7 6. e4 Nf4 7. g3 Ng6 8.
Bd3 Nc6 9. c3 b6 10. Qc2 Bb7 11. O-O-O O-O 12. h4 h5 13. e5 a5 14. Bxg6 fxg6 15.
Qxg6 Qf7 16. Qxf7+ Rxf7 17. Rhf1 Raf8 18. Rde1 Na7 19. Ng5 Rxf2 20. Rxf2 Rxf2
21. Nde4 Bxe4 22. Nxe4 Rf8 23. c4 Nc6 24. c5 Nb4 25. Kb1 bxc5 26. Nxc5 d6 27.
Nxe6 Rf3 28. Nxc7 dxe5 29. dxe5 Nd3 30. Re4 Rf1+ 31. Kc2 Nb4+ 32. Kb3 Rf3+ 33.
Ka4 Nd3 34. e6 Nc5+ 35. Kxa5 Nxe4 36. e7 Nd6 37. e8=Q+ Nxe8 38. Nxe8 Rxg3 39. b4
Ra3+ 40. Kb6 Rxa2 41. b5 Rh2 42. Kc7 Rxh4 43. b6 Rb4 44. b7 h4 45. Nd6 h3 46.
Nf5 h2 47. Ng3 Kf7 48. b8=Q Rxb8 49. Kxb8 Kf6 50. Kc7 Kg5 51. Kd6 Kg4 52. Nh1
Kf3 53. Ke5 Kg2 {White resigns} 0-1

[Event "Team 45 45 League T53"]
[Site "Internet Chess Club"]
[Date "2012.06.18"]
[Round "5"]
[White "tamky70"]
[Black "Check101"]
[Result "0-1"]
[WhiteElo "1400"]
[BlackElo "1517"]
[Opening "Ruy Lopez: closed, Bogolyubov variation"]
[ECO "C91"]
[Time "20:57:04"]
[TimeControl "2700+45"]

1. e4 e5 2. Nf3 Nc6 3. Bb5 a6 4. Ba4 Nf6 5. O-O Be7 6. Re1 b5 7. Bb3 d6 8. c3
O-O 9. d4 Bg4 10. d5 Na5 11. Bc2 Rc8 12. Nbd2 c6 13. Nb3 Nb7 14. h3 Bh5 15. Bg5
Nxd5 16. Bxe7 Nxe7 17. g4 Bg6 18. Nh4 Re8 19. Nd2 Qb6 20. Qf3 Rcd8 21. Nf1 d5
22. Nf5 Nd6 23. N1g3 h6 24. Rad1 Nb7 25. exd5 Nxd5 26. Be4 Qc5 27. Ne3 Bxe4 28.
Nxe4 Qe7 29. Nf5 Qe6 30. b3 Nf6 31. Rxd8 Rxd8 32. Nxf6+ Qxf6 33. Rd1 Nd6 34.
Qxc6 Nxf5 35. Rxd8+ Qxd8 36. gxf5 Qg5+ 37. Qg2 Qxf5 38. Qa8+ Kh7 39. Qxa6 e4 40.
Qxb5 Qxb5 {White resigns} 0-1

[Event "Team 45 45 League T53"]
[Site "Internet Chess Club"]
[Date "2012.06.16"]
[Round "5"]
[White "katikus"]
[Black "RamRock"]
[Result "1-0"]
[WhiteElo "1829"]
[BlackElo "1704"]
[Opening "Caro-Kann: exchange, Rubinstein variation"]
[ECO "B13"]
[Time "20:14:17"]
[TimeControl "2700+45"]

1. e4 c6 2. d4 d5 3. exd5 cxd5 4. Bd3 Nc6 5. c3 Nf6 6. Bf4 g6 7. Nf3 Bg7 8. O-O
Bf5 9. Bxf5 gxf5 10. Nbd2 e6 11. Re1 Nh5 12. Be5 O-O 13. Bxg7 Nxg7 14. Nb3 b6
15. Qd2 Qf6 16. Ne5 Nxe5 17. dxe5 Qh4 18. Nd4 f4 19. Nf3 Qg4 20. h3 Qf5 21. Nd4
Qg5 22. g4 Rac8 23. Nf3 Qh6 24. Kh2 Rc4 25. Nd4 f5 26. gxf5 Nxf5 27. Rg1+ Kh8
28. Rg4 Nh4 29. Qe2 f3 30. Qd3 Ng6 31. Re1 Rf4 32. Qd2 Rc7 33. Nxe6 Rcf7 34.
Nxf4 Nxf4 35. h4 Qe6 36. Rxf4 Qh6 37. Rd4 Qh5 38. Qg5 {Black resigns} 1-0

[Event "Team 45 45 League T53"]
[Site "Internet Chess Club"]
[Date "2012.06.16"]
[Round "5"]
[White "toukon"]
[Black "Warpdrive"]
[Result "1/2-1/2"]
[WhiteElo "1745"]
[BlackElo "1610"]
[Opening "King's Indian: Andersson variation"]
[ECO "E92"]
[Time "14:02:02"]
[TimeControl "2700+45"]

1. d4 Nf6 2. c4 g6 3. Nc3 Bg7 4. e4 d6 5. Nf3 O-O 6. Be2 e5 7. dxe5 dxe5 8. Qxd8
Rxd8 9. Bg5 Re8 10. Nd5 Nxd5 11. cxd5 h6 12. Be3 c6 13. Bc4 cxd5 14. Bxd5 Nd7
15. Nd2 Nf6 16. Bb3 b5 17. f3 Bb7 18. Rc1 Rac8 19. Kf2 a5 20. a3 a4 21. Ba2 Rxc1
22. Rxc1 Rc8 23. Rxc8+ Bxc8 24. Ke2 Bf8 25. Kd3 Nd7 26. Bd5 Nc5+ 27. Kc3 Bd7 28.
h3 g5 29. Bf2 Bd6 30. Nf1 Kg7 31. Ne3 Kg6 32. Ba2 h5 33. Nd5 g4 34. hxg4 hxg4
35. Be3 gxf3 36. gxf3 f5 37. exf5+ Kxf5 38. Bb1+ Ke6 39. Nb6 Bc6 40. Nc8 Bxf3
41. Nxd6 Kxd6 42. Kb4 Nb3 43. Kxb5 Bc6+ 44. Kb4 Nd4 45. Kc4 Kc7 46. Bxd4 exd4
47. Kxd4 Kb6 48. Kc4 Ka5 49. Kc5 Be8 50. Be4 Bf7 51. Bd5 Bh5 52. Kc4 Bd1 53. Kc3
Be2 54. Bc6 Bd1 {Game drawn by mutual agreement} 1/2-1/2

[Event "Team 45 45 League T53"]
[Site "Internet Chess Club"]
[Date "2012.06.17"]
[Round "5"]
[White "tryanything"]
[Black "ElMarginal"]
[Result "0-1"]
[WhiteElo "1572"]
[BlackElo "1534"]
[Opening "Scandinavian (center counter) defense"]
[ECO "B01"]
[Time "19:14:49"]
[TimeControl "2700+45"]

1. e4 d5 2. exd5 Qxd5 3. Nc3 Qa5 4. Nf3 Bg4 5. d4 Nf6 6. Bd2 c6 7. Be2 Nbd7 8.
O-O e6 9. h3 Bh5 10. Ne4 Qc7 11. Ng3 Bg6 12. Bc3 Bd6 13. Bd3 Bxg3 14. fxg3 Qxg3
15. Ne5 Nxe5 16. dxe5 Nd5 17. Rf3 Nxc3 18. Rxg3 Nxd1 19. Rxd1 O-O-O 20. Re1 Bxd3
21. Rxd3 Rxd3 22. cxd3 Rd8 23. Re3 Rd5 24. a3 Rb5 25. Re2 Rb3 26. Rd2 Kd7 27.
Kf2 Ke7 28. d4 Rb5 29. Ke2 a5 30. Kf3 Rd5 31. Ke3 b5 32. Rc2 Kd7 33. g4 f5 34.
gxf5 exf5 35. Rc5 Rxc5 36. dxc5 Ke6 37. Kf4 h6 38. h4 g6 39. b3 b4 40. axb4 axb4
{White resigns} 0-1

[Event "Team 45 45 League T53"]
[Site "Internet Chess Club"]
[Date "2012.06.18"]
[Round "5"]
[White "charles-allen"]
[Black "whitetiger"]
[Result "1-0"]
[WhiteElo "1895"]
[BlackElo "1799"]
[Opening "Sicilian"]
[ECO "B50"]
[Time "19:00:49"]
[TimeControl "2700+45"]

1. e4 c5 2. Nf3 d6 3. Bc4 Nc6 4. c3 Nf6 5. d3 g6 6. O-O Bg7 7. Bb3 O-O 8. Re1
Bg4 9. Nbd2 Ne5 10. h3 Nxd3 11. hxg4 Nxe1 12. Nxe1 Qc8 13. g5 Ng4 14. Nd3 b5 15.
Bd5 Rb8 16. a4 b4 17. cxb4 cxb4 18. a5 Ne5 19. Nxe5 Bxe5 20. a6 Bf4 21. Bb7 Qc5
22. Nf3 Bxc1 23. Rxc1 Qa5 24. Nd4 Qxg5 25. Nc6 Rbe8 26. Nxa7 f5 27. Nc8 Rf7 28.
a7 fxe4 29. a8=Q e3 30. Bf3 exf2+ 31. Kxf2 Rxf3+ 32. gxf3 Qh4+ 33. Kg2 Qg5+ 34.
Kf1 Qh4 35. Qa7 Qh3+ 36. Ke2 Rxc8 37. Rxc8+ Qxc8 38. Qd5+ Kg7 39. Qxe7+ {Black
resigns} 1-0

[Event "Team 45 45 League T53"]
[Site "Internet Chess Club"]
[Date "2012.06.15"]
[Round "5"]
[White "ChessicalZ"]
[Black "CzwartyWymiar"]
[Result "1-0"]
[WhiteElo "1849"]
[BlackElo "1745"]
[Opening "English opening"]
[ECO "A20"]
[Time "14:01:22"]
[TimeControl "2700+45"]

1. c4 e5 2. g3 Nc6 3. Bg2 d6 4. Nc3 f5 5. e3 Nf6 6. Nge2 Be7 7. O-O O-O 8. d4 e4
9. a3 a6 10. b4 d5 11. cxd5 Nxd5 12. Bd2 Be6 13. Na4 b6 14. Rc1 Qd7 15. Qc2 Nd8
16. Rfd1 Rc8 17. Nac3 g5 18. Kh1 Nf7 19. g4 Nh6 20. gxf5 Bxf5 21. Bxe4 Bxe4+ 22.
Nxe4 Qg4 23. Rg1 Qxe2 24. Nxg5 Ng4 25. Qxh7# {Black checkmated} 1-0

[Event "Team 45 45 League T53"]
[Site "Internet Chess Club"]
[Date "2012.06.19"]
[Round "5"]
[White "Whalen"]
[Black "BraafPaard"]
[Result "0-1"]
[WhiteElo "1634"]
[BlackElo "1532"]
[Opening "English: symmetrical variation"]
[ECO "A35"]
[Time "14:30:13"]
[TimeControl "2700+45"]

1. c4 c5 2. Nc3 Nc6 3. Nf3 Nd4 4. e3 Nxf3+ 5. Qxf3 e6 6. d4 Nf6 7. Bd3 d5 8. O-O
dxc4 9. Bxc4 cxd4 10. Rd1 Qc7 11. Rxd4 a6 12. Bb3 Bd6 13. Ba4+ Bd7 14. Bxd7+
Nxd7 15. h3 O-O 16. Qd1 Bh2+ 17. Kh1 Nf6 18. Ne2 Be5 19. Rh4 Rfd8 20. Qb3 Rd6
21. f4 Rb6 22. Qa3 Bd6 23. Qa5 Bb4 24. Qg5 Be1 25. Rh6 Rb5 {White resigns} 0-1

[Event "Team 45 45 League T53"]
[Site "Internet Chess Club"]
[Date "2012.06.19"]
[Round "5"]
[White "irock"]
[Black "Greedy-Reedy"]
[Result "1/2-1/2"]
[WhiteElo "1888"]
[BlackElo "2001"]
[Opening "Robatsch (modern) defense"]
[ECO "B06"]
[Time "13:04:30"]
[TimeControl "2700+45"]

1. e4 g6 2. d4 Bg7 3. Nc3 d6 4. Be3 c6 5. Qd2 b5 6. O-O-O Nd7 7. Kb1 b4 8. Nce2
a5 9. h4 h5 10. Nh3 Qc7 11. Ng5 Rb8 12. Nc1 a4 13. f4 Nh6 14. e5 e6 15. Bd3 d5
16. Bxg6 Nxe5 17. fxe5 fxg6 18. Qd3 Nf5 19. Nh3 c5 20. b3 c4 21. Qe2 axb3 22.
cxb3 Ng3 23. Qc2 Nxh1 24. Qxg6+ Qf7 25. Qxf7+ Kxf7 26. Rxh1 Bh6 27. Bxh6 Rxh6
28. Ng5+ Ke8 29. Rf1 Rb7 30. Ne2 cxb3 31. axb3 Rc7 32. Rf6 Rh8 33. Nxe6 Bxe6 34.
Rxe6+ Re7 35. Rb6 Rf8 36. Rb8+ Kf7 37. Rxb4 Kg6 38. Ng3 Rf2 39. Rb6+ Kh7 40.
Nxh5 Ra7 41. Nf6+ Kg7 42. Nh5+ Kh7 43. Nf6+ Kg7 44. Rb8 Kg6 45. g4 Raa2 46. Rc8
Rae2 47. h5+ Kg5 48. Rg8+ Kh4 49. Rc8 Rb2+ 50. Kc1 Ra2 51. Kb1 Rfb2+ 52. Kc1 Rh2
53. Kb1 Rab2+ 54. Kc1 Ra2 55. Kb1 Rhb2+ 56. Kc1 Rh2 57. Kb1 Rhb2+ 58. Kc1 Rh2
59. Kb1 Rhb2+ 60. Kc1 Rh2 61. Kb1 {Game drawn by repetition} 1/2-1/2

[Event "Team 45 45 League T53"]
[Site "Internet Chess Club"]
[Date "2012.06.18"]
[Round "5"]
[White "achessman"]
[Black "imgr8"]
[Result "0-1"]
[WhiteElo "1931"]
[BlackElo "2139"]
[Opening "Sicilian defense"]
[ECO "B20"]
[Time "21:16:28"]
[TimeControl "2700+45"]

1. e4 c5 2. b3 g6 3. Bb2 Nf6 4. e5 Nd5 5. e6 f6 6. exd7+ Qxd7 7. Nc3 Bh6 8. Nf3
Nc6 9. d4 cxd4 10. Nxd4 Nxd4 11. Qxd4 Nb4 12. Qxd7+ Bxd7 13. Bd3 Nxd3+ 14. cxd3
Bc6 15. f3 O-O-O 16. Ke2 Rd7 17. Rhd1 Rhd8 18. Bc1 Bg7 19. Be3 Kb8 20. Rac1 f5
21. b4 b6 22. b5 Bb7 23. a4 e5 24. a5 bxa5 25. Na4 Bf8 26. b6 axb6 27. Bxb6 Re8
28. Kf2 Bb4 29. Nc5 Rd5 30. Na4 Ba6 31. Ke3 Re6 32. Bc5 Bb5 33. Bxb4 Bxa4 34.
Be1 Bxd1 35. Rxd1 Rc6 36. Rd2 Ka7 37. Rb2 a4 {White resigns} 0-1

[Event "Team 45 45 League T53"]
[Site "Internet Chess Club"]
[Date "2012.06.17"]
[Round "5"]
[White "imawesome"]
[Black "Nakke"]
[Result "1/2-1/2"]
[WhiteElo "1819"]
[BlackElo "1954"]
[Opening "Ruy Lopez: exchange variation, 5.O-O"]
[ECO "C68"]
[Time "08:07:54"]
[TimeControl "2700+45"]

1. e4 e5 2. Nf3 Nc6 3. Bb5 a6 4. Bxc6 dxc6 5. O-O Bg4 6. c3 Qd3 7. Re1 Bxf3 8.
Qxf3 Qxf3 9. gxf3 Rd8 10. Kf1 Ne7 11. Rd1 c5 12. d3 Ng6 13. a4 b6 14. Be3 Be7
15. a5 b5 16. Ke2 O-O 17. Na3 f5 18. Nc2 fxe4 19. fxe4 Nf4+ 20. Bxf4 Rxf4 21.
Ne3 Rdf8 22. Nf5 Bh4 23. Rf1 g6 24. Nxh4 Rxh4 25. Rh1 c4 26. dxc4 Rxe4+ 27. Kd3
Rxc4 28. Rhf1 Rf3+ 29. Kc2 Rcf4 30. Rae1 e4 31. Kd2 Rh3 32. Rd1 Rd3+ 33. Ke2
Rxd1 34. Rxd1 Rf7 35. Rd8+ Kg7 36. Ra8 Rf6 37. Rc8 Rc6 38. Re8 b4 39. cxb4 Rc4
40. Ke3 Rxb4 41. Rxe4 Rb3+ 42. Kf4 Rxb2 43. Rc4 Rxf2+ 44. Kg3 Rf5 45. Rxc7+ Kh6
46. Rc4 Rxa5 47. Rc7 Ra1 48. h4 a5 49. h5 a4 50. hxg6 hxg6 51. Kg4 a3 52. Rc2 a2
53. Rh2+ Kg7 54. Rg2 Kf6 55. Rf2+ Ke5 56. Re2+ Kd4 57. Rg2 Ke3 58. Kg3 Kd3 59.
Kg4 Kc3 60. Kg5 Kb3 61. Rg3+ Kc2 62. Rg2+ Kd3 63. Kg4 Ke3 64. Kg3 Ke4 65. Kg4
Re1 66. Rxa2 Rg1+ 67. Kh4 Kf3 68. Ra3+ Kf4 69. Kh3 g5 70. Ra8 Rg3+ 71. Kh2 Rd3
72. Rf8+ Kg4 73. Re8 Rd2+ 74. Kg1 Kf3 75. Rf8+ Kg3 76. Rf1 g4 77. Re1 Rg2+ 78.
Kh1 Rd2 79. Rg1+ Kf3 80. Rf1+ Rf2 81. Rg1 g3 82. Re1 Kg4 83. Re8 Rd2 84. Rg8+
Kf3 85. Rf8+ Ke3 86. Rf5 Rf2 87. Rg5 Kf3 88. Rf5+ Ke3 89. Rd5 Rb2 90. Rd8 Kf2
91. Rf8+ Ke1 92. Rg8 Kf2 93. Rf8+ Ke3 94. Kg1 Rb1+ 95. Kg2 {Game drawn by mutual
agreement} 1/2-1/2

[Event "Team 45 45 League T53"]
[Site "Internet Chess Club"]
[Date "2012.06.16"]
[Round "5"]
[White "beitmery"]
[Black "ryan2chess"]
[Result "1-0"]
[WhiteElo "1718"]
[BlackElo "1787"]
[Opening "Benoni defense, Hromodka system"]
[ECO "A56"]
[Time "09:32:34"]
[TimeControl "2700+45"]

1. d4 Nf6 2. c4 c5 3. d5 d6 4. Nc3 g6 5. Nf3 Bg7 6. e4 O-O 7. Be2 Na6 8. O-O Nc7
9. Ne1 Bd7 10. f3 a6 11. a4 b5 12. cxb5 axb5 13. Be3 bxa4 14. Nxa4 Qb8 15. Nd3
Qb7 16. Nc3 c4 17. Nf2 Qxb2 18. Bd4 Nxe4 19. Bxg7 Nxc3 20. Bxc3 Qxc3 21. Rc1 Qa5
22. Bxc4 Rfc8 23. Re1 Re8 24. Qd4 Qa7 25. Qh4 e6 26. dxe6 Bxe6 27. Bxe6 Rxe6 28.
Kh1 Qa4 29. Ne4 Kg7 30. Rxc7 Rae8 31. Rxf7+ Kxf7 32. Qxh7+ Kf8 33. Qh8+ Ke7 34.
Qh4+ Kd7 35. Nc5+ Kc8 36. Ne4 d5 37. Rc1+ Rc6 38. Nd6+ Kc7 39. Nxe8+ Kc8 40.
Rxc6+ Qxc6 41. Qe1 Kd7 42. Ng7 Qf6 43. Qe6+ Qxe6 44. Nxe6 Kxe6 45. Kg1 Ke5 46.
Kf2 Kd4 47. Ke2 Kc3 48. Kd1 Kd3 49. h4 Ke3 50. g4 Kf4 51. Kd2 Kxf3 52. h5 g5 53.
h6 Kxg4 54. h7 Kf3 55. h8=Q g4 56. Qf8+ Kg2 57. Ke2 g3 58. Qf1+ Kh2 59. Kf3 d4
60. Qg2# {Black checkmated} 1-0

[Event "Team 45 45 League T53"]
[Site "Internet Chess Club"]
[Date "2012.06.18"]
[Round "5"]
[White "eurander"]
[Black "playwaycool"]
[Result "1/2-1/2"]
[WhiteElo "2115"]
[BlackElo "2061"]
[Opening "Ruy Lopez: Wormald (Alapin) attack"]
[ECO "C77"]
[Time "17:07:11"]
[TimeControl "2700+45"]

1. e4 e5 2. Nf3 Nc6 3. Bb5 a6 4. Ba4 Nf6 5. Qe2 Be7 6. c3 b5 7. Bb3 d6 8. O-O
O-O 9. Rd1 Bg4 10. h3 Bh5 11. d3 Na5 12. Bc2 c5 13. Nbd2 Qc7 14. Nf1 Rfe8 15.
Ng3 Bg6 16. Nh4 Nc6 17. Ngf5 Bf8 18. Bg5 Nd7 19. Bb3 Rac8 20. Ne3 Nb6 21. Nd5
Nxd5 22. Bxd5 Be7 {Game drawn by mutual agreement} 1/2-1/2

[Event "Team 45 45 League T53"]
[Site "Internet Chess Club"]
[Date "2012.06.14"]
[Round "5"]
[White "Yosemite-Sam"]
[Black "chess92192"]
[Result "0-1"]
[WhiteElo "1903"]
[BlackElo "2027"]
[Opening "Caro-Kann: Panov-Botvinnik attack, 5...e6"]
[ECO "B14"]
[Time "20:01:03"]
[TimeControl "2700+45"]

1. e4 c6 2. d4 d5 3. exd5 cxd5 4. c4 Nf6 5. Nc3 e6 6. Bg5 Be7 7. Nf3 O-O 8. c5
Nc6 9. a3 Ne4 10. Bxe7 Qxe7 11. Qc2 Nxc3 12. Qxc3 e5 13. O-O-O Bg4 14. dxe5 d4
15. Qc2 Nxe5 16. Rxd4 Bxf3 17. gxf3 Rac8 18. b4 Nxf3 19. Re4 Qg5+ 20. Kb2 Rfd8
21. Bd3 Qf6+ 22. Ka2 b6 23. Rc4 Ne5 24. Bxh7+ Kh8 25. Bf5 Nxc4 26. Bxc8 Rd2 27.
Qxd2 Nxd2 28. Rc1 bxc5 29. bxc5 Qxf2 30. Rc2 Qe1 31. Rb2 Nc4 32. Rc2 Qe4 33. Bf5
Qxf5 34. Rxc4 Qf2+ 35. Kb3 Qxh2 36. c6 Qc7 37. a4 f5 38. a5 f4 39. Kb4 g5 40.
Kc5 Qxa5+ 41. Kd6 Qd8+ 42. Kc5 f3 43. Rd4 Qf8+ 44. Rd6 f2 45. c7 f1=Q 46. Kc6
Qa6+ 47. Kd7 Qaxd6# {White checkmated} 0-1

[Event "Team 45 45 League T53"]
[Site "Internet Chess Club"]
[Date "2012.06.19"]
[Round "5"]
[White "kidviper"]
[Black "McKnights"]
[Result "1/2-1/2"]
[WhiteElo "1960"]
[BlackElo "1835"]
[Opening "Sicilian: Labourdonnais-Löwenthal (Kalashnikov) variation"]
[ECO "B32"]
[Time "18:01:37"]
[TimeControl "2700+45"]

1. e4 c5 2. Nf3 Nc6 3. d4 cxd4 4. Nxd4 e5 5. Nb5 d6 6. c4 a6 7. N5a3 Be6 8. Nc3
Nf6 9. Be2 Be7 10. O-O Nd4 11. Nc2 Nxe2+ 12. Qxe2 O-O 13. Ne3 Rc8 14. Ned5 Nxd5
15. cxd5 Bd7 16. f4 f6 17. f5 Qe8 18. Rf3 Bd8 19. Be3 Ba5 20. Rh3 Bxc3 21. bxc3
Bb5 22. Qe1 Bd3 23. Qh4 h6 24. Bxh6 Rc7 25. Rxd3 gxh6 26. Qxh6 Rh7 27. Rg3+ Kh8
28. Qe3 Qb5 29. Rh3 Qb2 30. Rxh7+ Kxh7 31. Rf1 Rf7 32. h3 Qxa2 33. Rf3 Rg7 34.
Rg3 Qb2 35. Rxg7+ Kxg7 36. Qg3+ Kf8 37. Qg6 Qc1+ 38. Kh2 Qg5 39. Qh7 Qf4+ 40.
Kh1 Qc1+ 41. Kh2 Qf4+ 42. Kh1 Qf1+ 43. Kh2 Qf4+ {Game drawn by repetition}
1/2-1/2

[Event "Team 45 45 League T53"]
[Site "Internet Chess Club"]
[Date "2012.06.17"]
[Round "5"]
[White "badmove"]
[Black "CHESS-CHAMPION"]
[Result "1/2-1/2"]
[WhiteElo "1773"]
[BlackElo "1899"]
[Opening "Budapest: Rubinstein variation"]
[ECO "A52"]
[Time "16:33:07"]
[TimeControl "2700+45"]

1. d4 Nf6 2. c4 e5 3. dxe5 Ng4 4. Bf4 Nc6 5. Nf3 Bb4+ 6. Nbd2 Qe7 7. a3 Bc5 8.
e3 a5 9. Be2 Ngxe5 10. Nxe5 Nxe5 11. Nf3 Ng6 12. Bg3 d6 13. Qc2 O-O 14. O-O h5
15. h3 h4 16. Bh2 f5 17. Bd3 Ne5 18. Nxe5 dxe5 19. Qc3 f4 20. exf4 exf4 21. Rae1
Qd6 22. Qe5 Qxe5 23. Rxe5 Bd4 24. Re2 f3 25. Re4 Bf6 26. c5 Bf5 27. Bc4+ Kh8 28.
Rf4 fxg2 29. Kxg2 Bg5 30. Rd4 c6 31. Re1 Rf6 32. Rd6 Raf8 33. Rxf6 Bxf6 34. Re2
Bd4 35. Bd6 Rf6 36. Be5 Rg6+ 37. Kh2 Bxc5 38. Bc3 Bd6+ 39. Kh1 Bd7 40. Re4 Rh6
41. Bxa5 b5 42. Bb3 Bf5 {Game drawn by mutual agreement} 1/2-1/2

[Event "Team 45 45 League T53"]
[Site "Internet Chess Club"]
[Date "2012.06.18"]
[Round "5"]
[White "randallsr"]
[Black "zepled37"]
[Result "1-0"]
[WhiteElo "1737"]
[BlackElo "1568"]
[Opening "English: Caro-Kann defensive system, Bogolyubov variation"]
[ECO "A12"]
[Time "20:11:55"]
[TimeControl "2700+45"]

1. Nf3 d5 2. c4 c6 3. b3 Bg4 4. e3 Nd7 5. Be2 Ngf6 6. Bb2 e6 7. O-O Bd6 8. d3
Qc7 9. h3 Bf5 10. Ba3 c5 11. cxd5 exd5 12. Bb2 O-O 13. Nbd2 Rfe8 14. Nh4 Be6 15.
Nhf3 Rad8 16. Rc1 b6 17. d4 Qb8 18. Bb5 Re7 19. Ba3 Rc8 20. Qc2 a6 21. Bd3 b5
22. Ng5 g6 23. Nxe6 Rxe6 24. Bxc5 Bf8 25. b4 Nxc5 26. bxc5 Qb7 27. Rb1 Ne4 28.
Nxe4 dxe4 29. Be2 Qd5 30. a4 f5 31. axb5 axb5 32. Rxb5 Qc6 33. Bc4 Kg7 34. Bxe6
Qxe6 35. Rfb1 f4 36. Rb6 Qf5 37. Rb7+ Kh6 38. exf4 Qxf4 39. Qc1 {Black resigns}
1-0

[Event "Team 45 45 League T53"]
[Site "Internet Chess Club"]
[Date "2012.06.15"]
[Round "5"]
[White "GoIrish"]
[Black "Sandia"]
[Result "1-0"]
[WhiteElo "1586"]
[BlackElo "1397"]
[Opening "Réti opening"]
[ECO "A04"]
[Time "20:30:17"]
[TimeControl "2700+45"]

1. Nf3 Nc6 2. g3 b6 3. Bg2 Bb7 4. O-O Nf6 5. d3 d5 6. Nbd2 e5 7. e4 d4 8. Nc4
Qe7 9. a4 Ba6 10. b3 Nd7 11. Ba3 Qf6 12. Bc1 h6 13. Ne1 g5 14. Bh3 O-O-O 15. a5
b5 16. Nb2 Kb8 17. Bd2 Qg7 18. Qc1 Ne7 19. c4 dxc3 20. Bxc3 g4 21. Bg2 f6 22.
Qe3 c5 23. b4 Rc8 24. bxc5 Nxc5 25. Bb4 Ng6 26. d4 exd4 27. Qxd4 Rd8 28. Qxd8+
Bc8 {Black resigns} 1-0

[Event "Team 45 45 League T53"]
[Site "Internet Chess Club"]
[Date "2012.06.19"]
[Round "5"]
[White "McKnights"]
[Black "az2112"]
[Result "1-0"]
[WhiteElo "1847"]
[BlackElo "1723"]
[Opening "Sicilian"]
[ECO "B56"]
[Time "21:31:18"]
[TimeControl "2700+45"]

1. e4 c5 2. Nf3 d6 3. Nc3 Nc6 4. d4 cxd4 5. Nxd4 Nf6 6. Be3 e6 7. Bb5 Bd7 8. O-O
a6 9. Ba4 Be7 10. a3 O-O 11. Kh1 b5 12. Bb3 Na5 13. f4 e5 14. fxe5 dxe5 15. Nf5
Nxb3 16. cxb3 Bxf5 17. Rxf5 Qxd1+ 18. Rxd1 Ng4 19. Bb6 f6 20. Nd5 Bd8 21. Bc5
Re8 22. Rf3 Nh6 23. b4 Nf7 24. h4 f5 25. Rxf5 Bxh4 26. Rdf1 Nh6 27. Rh5 Bd8 28.
Rxe5 Rxe5 29. Rf8# {Black checkmated} 1-0